Map: Amygdala

Players

iPlayDefense

  • Race: Terran Terran
  • League: Silver
  • Spawn Location: 7:00

Chaguito - Winner!

  • Race: Terran Terran
  • League: Bronze
  • Spawn Location: 1:00

VOD

Have the link to the VOD?

Description

Time

  • Played on: April 16, 2025, 10:42 a.m.
  • Length: 5:12
Show
View Real Time Build Order
Export as new Build Order

iPlayDefense Terran 

Build Orders:  

Get SALT Encoding   

  12  0:00  SCV  
  13  0:17  Supply Depot  
  13  0:20  SCV  
  14  0:29  Refinery  
  14  0:32  SCV  
  15  0:44  SCV  
  15  0:49  Barracks  
  16  0:56  SCV  
  17  1:08  SCV  
  18  1:20  SCV  
  19  1:37  Orbital Command  
  19  1:38  Barracks Reactor  
  19  1:50  Command Center  
  19  2:01  Supply Depot  
  19  2:17  Marine x2  
  21  2:35  Marine x2, Barracks  
  21  2:36  Barracks  
  23  2:38  Factory  
  23  2:51  Refinery  
  23  2:57  Marine x2  
  25  3:06  SCV x2  
  27  3:15  Supply Depot  
  27  3:18  SCV x2  
  29  3:26  Barracks Tech Lab x2  
  29  3:30  Factory Tech Lab  
  29  3:47  Engineering Bay  
  29  3:51  Supply Depot  
  29  4:02  Orbital Command  
  29  4:12  SCV  
  29  4:13  Supply Depot, Marine  
  31  4:24  SCV  
  31  4:25  Supply Depot  
  32  4:33  SCV  
  32  4:34  Marine  
  32  4:35  Supply Depot, Marine  
  32  4:36  SCV  
  40  4:45  SCV  
  40  4:48  SCV  
  41  4:57  SCV  
Show
View Real Time Build Order
Export as new Build Order

Chaguito Terran - Winner!

Build Orders:  

Get SALT Encoding   

  12  1:04  SCV  
  12  1:09  Supply Depot  
  13  1:12  Supply Depot  
  13  1:13  Supply Depot  
  13  1:15  Refinery  
  13  1:16  SCV  
  13  1:17  Engineering Bay  
  14  1:24  Refinery  
  14  1:28  SCV  
  15  1:40  SCV, Barracks  
  16  1:52  SCV, Barracks  
  17  2:05  SCV  
  18  2:17  SCV, Barracks  
  19  2:29  SCV  
  20  2:30  Marine  
  21  2:42  Marine  
  22  2:44  Factory  
  22  2:47  SCV  
  23  2:56  Marine  
  24  3:02  SCV  
  25  3:07  Marine, Missile Turret  
  25  3:09  Marine  
  27  3:20  SCV  
  27  3:25  Barracks Reactor  
  28  3:29  Marine  
  28  3:31  Marine  
  30  3:35  Supply Depot  
  30  3:38  Widow Mine  
  32  3:46  SCV  
  33  3:49  Marine x2  
  35  4:00  Widow Mine  
  35  4:01  Supply Depot  
  37  4:14  Marine x4  
  41  4:19  SCV  
  42  4:25  Bunker  
  42  4:30  Factory, Factory Tech Lab  
Tags
 
Matchup
TvT
Race
Terran
Replay Pack
DaveSC2
Spawn Locations
Cross Positions
Add a new tag
Caveats
  • Supply blocks, unpowered buildings, or Contaminate may cause inaccurate times.
  • Supply counts are checked every 10 seconds.